[Event "ICC tourney 3362 (40 10)"]
[Site "Internet Chess Club"]
[Date "2024.01.13"]
[Round "1"]
[White "WILSON, DARRYL J:Combo4U2"]
[Black "HIBBS, ROBERT:BotanicalKnight"]
[Result "1-0"]
[ICCResult "Black resigns"]
[WhiteElo "1178"]
[BlackElo "1385"]
[Opening "Caro-Kann: advance variation"]
[ECO "B12"]
[NIC "CK.04"]
[Time "11:14:31"]
[PlyCount "65"]
[TimeControl "2400+10"]

1. e4 c6 2. d4 d5 3. e5 Bf5 4. b3 Qb6 5. Bb2 a6 6. Nf3 e6 7. Nc3 Nd7 8. Be2
c5 9. Na4 Qc7 10. O-O b5 11. Nxc5 Nxc5 12. dxc5 Bxc5 13. Rc1 Qa7 14. a3 Ne7
15. b4 Bb6 16. Bd4 O-O 17. Bxb6 Qxb6 18. Qd4 Qb7 19. g4 Nc6 20. Qf4 Bg6 21.
h4 h5 22. Nh2 hxg4 23. Bxg4 Qc7 24. Rfe1 Qb6 25. h5 Bh7 26. h6 gxh6 27. Qxh6
Qd4 28. Qg5+ Bg6 29. c3 Qb6 30. Bh5 Kg7 31. Ng4 Qd8 32. Qh6+ Kg8 33. Nf6+
{Black resigns}
1-0

[Event "ICC tourney 3362 (40 10)"]
[Site "Internet Chess Club"]
[Date "2024.01.13"]
[Round "1"]
[White "STONE, GILBERT L:tightfist"]
[Black "Suresh, Kawin Sayi:ChessNinja2200"]
[Result "0-1"]
[ICCResult "White resigns"]
[WhiteElo "1400"]
[BlackElo "1360"]
[Opening "Réti: Nimzovich-Larsen attack"]
[ECO "A06"]
[NIC "QP.09"]
[Time "11:02:29"]
[PlyCount "146"]
[TimeControl "2400+10"]

1. Nf3 d5 2. b3 Nc6 3. e3 e5 4. Bb2 Bd6 5. Be2 Nf6 6. c4 dxc4 7. Bxc4 O-O 8.
O-O Bg4 9. Be2 e4 10. Nd4 Bxe2 11. Qxe2 Nxd4 12. Bxd4 Re8 13. Nc3 c5 14.
Bxf6 Qxf6 15. Rac1 Qe5 16. g3 a6 17. f4 Qf6 18. Qc4 Qe6 19. Qd5 Qxd5 20.
Nxd5 Rad8 21. Nb6 Bc7 22. Nc4 b5 23. Na3 Rxd2 24. Rxc5 Bd6 25. Rc2 Rxc2 26.
Nxc2 Rc8 27. Nd4 Rc3 28. Rd1 Rxe3 29. Nf5 Rd3 30. Rxd3 exd3 31. Kf1 Bc5 32.
Nh4 f6 33. Nf3 Kf7 34. Ke1 Bb4+ 35. Kd1 Ke6 36. Nd4+ Kd5 37. Nf3 Ke4 38.
Nd2+ Ke3 39. Nb1 Kd4 40. a3 Bc5 41. Kd2 b4 42. a4 a5 43. Kd1 f5 44. Nd2 Kc3
45. Nc4 Kxb3 46. Nxa5+ Kxa4 47. Nc4 Kb3 48. Nd2+ Kc3 49. Nb1+ Kd4 50. Nd2
Kc3 51. Nb1+ Kb2 52. Nd2 Ka2 53. Nc4 b3 54. Kc1 Bd4 55. Kd2 b2 56. Nxb2 Kxb2
57. Kxd3 Bf6 58. Ke2 Kc3 59. Kf2 Kd2 60. h3 g5 61. fxg5 Bxg5 62. Kf3 Kd3 63.
Kf2 Ke4 64. Ke2 Be3 65. g4 f4 66. h4 f3+ 67. Kf1 Kf4 68. g5 Kg4 69. h5 Kxh5
70. Ke1 Kxg5 71. Kf1 h5 72. Ke1 h4 73. Kf1 h3 {White resigns} 0-1

[Event "ICC tourney 3362 (40 10)"]
[Site "Internet Chess Club"]
[Date "2024.01.13"]
[Round "1"]
[White "Whiteside, Oren:NotOwen"]
[Black "Gruber, Justin:jgrub828"]
[Result "1-0"]
[ICCResult "Black resigns"]
[WhiteElo "1361"]
[BlackElo "1421"]
[Opening "English opening"]
[ECO "A20"]
[NIC "EO.24"]
[Time "11:00:07"]
[PlyCount "81"]
[TimeControl "2400+10"]

1. c4 e5 2. g3 Nc6 3. Bg2 Bc5 4. e3 Qe7 5. Ne2 d6 6. O-O Nf6 7. Nbc3 O-O 8.
d4 Bb6 9. Nd5 Nxd5 10. cxd5 Nb8 11. dxe5 Qxe5 12. Nf4 Bf5 13. Qb3 Nd7 14.
Bd2 Nc5 15. Qc3 Qe7 16. b4 Ne4 17. Qb2 Nxd2 18. Qxd2 Be4 19. a4 Bxg2 20.
Kxg2 a6 21. a5 Ba7 22. Qd3 c6 23. Rfc1 Rfc8 24. Rab1 c5 25. bxc5 Bxc5 26.
Rb3 Qd8 27. Qd2 b5 28. axb6 Bxb6 29. Rxc8 Rxc8 30. Qb2 Bc5 31. Nd3 Qg5 32.
e4 h6 33. f4 Qe7 34. Kf3 f6 35. Rb7 Rc7 36. Rb8+ Kh7 37. Nxc5 Rxc5 38. Ra8
Qc7 39. Qb8 Qd7 40. f5 Rc3+ 41. Kg4 {Black resigns} 1-0

[Event "ICC tourney 3362 (40 10)"]
[Site "Internet Chess Club"]
[Date "2024.01.13"]
[Round "2"]
[White "Romanyuk, Nikita:NikitaR"]
[Black "GAW, ZACHARY:zman-g"]
[Result "1/2-1/2"]
[ICCResult "Game drawn by repetition"]
[WhiteElo "1119"]
[BlackElo "1182"]
[Opening "Scotch game"]
[ECO "C45"]
[NIC "SO.05"]
[Time "13:15:19"]
[PlyCount "91"]
[TimeControl "2400+10"]

1. e4 e5 2. Nf3 Nc6 3. d4 exd4 4. Nxd4 Bc5 5. Be3 Qf6 6. c3 Nge7 7. Bc4 O-O
8. O-O d6 9. b4 Bb6 10. a4 Bxd4 11. Bxd4 Nxd4 12. cxd4 c6 13. Re1 d5 14.
exd5 cxd5 15. Bb3 Be6 16. Nc3 Rac8 17. Rc1 Rc6 18. Ne2 Rxc1 19. Qxc1 Rc8 20.
Qd2 Ng6 21. Rc1 Qd8 22. Nf4 Nxf4 23. Qxf4 b6 24. h3 h6 25. g4 g5 26. Qe3 Kf8
27. f4 Rxc1+ 28. Qxc1 gxf4 29. Qxf4 Kg7 30. Qe5+ Qf6 31. Qxf6+ Kxf6 32. Kg2
Kg5 33. Kg3 f6 34. Bc2 f5 35. gxf5 Bxf5 36. Bxf5 Kxf5 37. Kf3 h5 38. b5 Kg5
39. Kg3 Kf5 40. Kf3 h4 41. Ke3 Kg5 42. Kf3 Kf5 43. Ke3 Kg5 44. Kf3 Kf5 45.
Ke3 Kg5 46. Kf3 {Game drawn by repetition} 1/2-1/2

[Event "ICC tourney 3362 (40 10)"]
[Site "Internet Chess Club"]
[Date "2024.01.13"]
[Round "2"]
[White "Suresh, Kawin Sayi:ChessNinja2200"]
[Black "WILSON, DARRYL J:Combo4U2"]
[Result "1-0"]
[ICCResult "Black checkmated"]
[WhiteElo "1360"]
[BlackElo "1178"]
[Opening "Scotch opening"]
[ECO "C44"]
[NIC "KP.10"]
[Time "13:15:21"]
[PlyCount "137"]
[TimeControl "2400+10"]

1. e4 e5 2. Nf3 Nc6 3. d4 f6 4. Bc4 Nge7 5. O-O d6 6. Nc3 Bg4 7. d5 Nd4 8.
Be2 Nxe2+ 9. Qxe2 Ng6 10. h3 Bd7 11. Be3 Be7 12. Rfe1 O-O 13. Rad1 a6 14. a3
h6 15. Qd2 Kh7 16. Qc1 f5 17. exf5 Bxf5 18. Nd2 Bg5 19. Nde4 Nf4 20. Ng3 Bg6
21. Nce2 Qf6 22. f3 Rae8 23. Nc3 Bh4 24. Bf2 Bxg3 25. Bxg3 Nh5 26. Bh2 Qh4
27. Qd2 Qc4 28. Qe2 Qc5+ 29. Qe3 Qc4 30. b3 Qh4 31. Qf2 Qg5 32. Ne4 Qe7 33.
Bg3 Qd7 34. Rd2 Qc8 35. Rd3 b6 36. Rc3 Qb7 37. Rd3 Rf7 38. Rd2 Ref8 39. Re3
Bxe4 40. Rxe4 Nf6 41. Re3 Nxd5 42. Red3 Nf6 43. Qe2 e4 44. fxe4 Nxe4 45. Rd1
b5 46. Re3 Qb6 47. Kh2 Nxg3 48. Rxg3 Qf2 49. Qxf2 Rxf2 50. Rc3 R8f7 51. Rdd3
Rd7 52. Kg3 Rff7 53. b4 g5 54. Rc6 h5 55. Rxa6 h4+ 56. Kh2 Kg6 57. Rf3 Rfe7
58. Rf2 Re5 59. a4 bxa4 60. Rxa4 Rde7 61. c4 Re4 62. b5 Re2 63. Ra2 R2e4 64.
Rac2 Rd4 65. c5 dxc5 66. Rxc5 Red7 67. Rc6+ Kh5 68. Rff6 g4 69. Rf5#
{Black checkmated}
1-0

[Event "ICC tourney 3362 (40 10)"]
[Site "Internet Chess Club"]
[Date "2024.01.13"]
[Round "2"]
[White "Gruber, Justin:jgrub828"]
[Black "KRISHNAN, SHREYAS:K01-30058648"]
[Result "1-0"]
[ICCResult "Black resigns"]
[WhiteElo "1421"]
[BlackElo "1373"]
[Opening "QGD: 4.Bg5"]
[ECO "D50"]
[NIC "QO.16"]
[Time "13:15:16"]
[PlyCount "65"]
[TimeControl "2400+10"]

1. d4 d5 2. c4 e6 3. Nc3 Nf6 4. Bg5 Bb4 5. e3 h6 6. Bxf6 Qxf6 7. Nf3 Nc6 8.
Be2 O-O 9. O-O Bxc3 10. bxc3 Rd8 11. Qc2 e5 12. cxd5 Rxd5 13. c4 Rd8 14. d5
Ne7 15. Qe4 Ng6 16. Qc2 Bf5 17. e4 Bd7 18. Ne1 Nf4 19. Nd3 g5 20. Nxf4 gxf4
21. f3 Kh8 22. Rab1 Rg8 23. Rxb7 Bh3 24. Rf2 Qh4 25. Bf1 Rg7 26. Rxc7 Rag8
27. Rb7 Bxg2 28. Bxg2 Rxg2+ 29. Kf1 Rxf2+ 30. Qxf2 Qh3+ 31. Ke1 Rg2 32. Qxa7
Rg1+ 33. Qxg1 {Black resigns} 1-0

[Event "ICC tourney 3362 (40 10)"]
[Site "Internet Chess Club"]
[Date "2024.01.13"]
[Round "2"]
[White "HIBBS, ROBERT:BotanicalKnight"]
[Black "STONE, GILBERT L:tightfist"]
[Result "1-0"]
[ICCResult "Black resigns"]
[WhiteElo "1385"]
[BlackElo "1400"]
[Opening "French: Labourdonnais variation"]
[ECO "C00"]
[NIC "FR.01"]
[Time "13:15:22"]
[PlyCount "139"]
[TimeControl "2400+10"]

1. e4 e6 2. f4 d5 3. e5 c5 4. Nf3 Bd7 5. d3 Nc6 6. Nc3 Qb6 7. g3 Nge7 8. Bg2
Ng6 9. O-O Be7 10. Kh1 O-O 11. a3 Rac8 12. h3 f6 13. exf6 Bxf6 14. g4 Nh4
15. Nxh4 Bxh4 16. g5 Nd4 17. Qg4 Nf5 18. Ne2 Bc6 19. Rb1 Rce8 20. Bd2 d4 21.
Kh2 Bxg2 22. Qxg2 g6 23. Ng1 Bg3+ 24. Kh1 Bh4 25. Ne2 Qc6 26. Qxc6 bxc6 27.
Kg2 e5 28. Ng1 exf4 29. Bxf4 Ne3+ 30. Bxe3 Rxe3 31. Rxf8+ Kxf8 32. Rf1+ Ke7
33. Rf6 Kd7 34. Rf7+ Re7 35. Rxe7+ Kxe7 36. Nf3 Bxg5 37. Nxg5 h6 38. Ne4 Ke6
39. Nxc5+ Kd5 40. Ne4 c5 41. Kf3 c4 42. Nf6+ Ke6 43. Ng4 h5 44. Nf2 cxd3 45.
Nxd3 Kf5 46. b4 g5 47. a4 g4+ 48. hxg4+ hxg4+ 49. Kg3 Ke6 50. Kxg4 Kd6 51.
Kf5 Kd5 52. Nb2 a6 53. b5 axb5 54. axb5 Kc5 55. b6 Kxb6 56. Ke5 Kc5 57. Ke4
Kc6 58. Kxd4 Kd6 59. Nd3 Kc7 60. Kc5 Kd7 61. Ne5+ Kc7 62. c4 Kb7 63. Kd6 Kc8
64. Kc6 Kb8 65. Kd7 Kb7 66. c5 Kb8 67. c6 Ka8 68. c7 Ka7 69. Kd8 Kb6 70.
c8=Q {Black resigns} 1-0

[Event "ICC tourney 3362 (40 10)"]
[Site "Internet Chess Club"]
[Date "2024.01.13"]
[Round "2"]
[White "Dhanasekaran, Neha:SplashDolphin"]
[Black "GAW, CHRISTIAN:cman-g"]
[Result "0-1"]
[ICCResult "White checkmated"]
[WhiteElo "1066"]
[BlackElo "1088"]
[Opening "Ruy Lopez: 5.O-O"]
[ECO "C78"]
[NIC "RL.12"]
[Time "13:15:30"]
[PlyCount "122"]
[TimeControl "2400+10"]

1. e4 e5 2. Nf3 Nc6 3. Bb5 a6 4. Ba4 Nf6 5. O-O b5 6. Bb3 Bc5 7. c3 O-O 8.
d4 exd4 9. cxd4 Bb6 10. Nc3 h6 11. Re1 d6 12. h3 Re8 13. Be3 Nxe4 14. Nxe4
Rxe4 15. Bd5 Re7 16. Bxc6 Rb8 17. Bd5 Bb7 18. Bxb7 Rxb7 19. a4 Ba5 20. Bd2
Rxe1+ 21. Qxe1 Bxd2 22. Qxd2 b4 23. Qd3 Rb6 24. d5 a5 25. Nd4 Qf6 26. Re1 g6
27. Qe3 Kg7 28. Nb5 Rb7 29. Qc1 Qd8 30. Qc2 Kf6 31. Qe4 Kg7 32. Rc1 Qg5 33.
Rxc7 Rxc7 34. Nxc7 Qc1+ 35. Kh2 Qxc7 36. Kg3 Qc1 37. b3 Qc3+ 38. Qf3 Qxf3+
39. Kxf3 Kf6 40. Ke4 g5 41. Kd4 h5 42. Kc4 Ke5 43. g3 f6 44. f3 f5 45. h4
gxh4 46. gxh4 f4 47. Kb5 Kxd5 48. Kxa5 Kc5 49. Ka6 d5 50. Kb7 d4 51. a5 d3
52. a6 d2 53. a7 d1=Q 54. a8=Q Qxf3+ 55. Ka7 Qxa8+ 56. Kxa8 f3 57. Kb7 f2
58. Kc7 f1=Q 59. Kd7 Qf7+ 60. Kc8 Kc6 61. Kb8 Qb7# {White checkmated} 0-1

[Event "ICC tourney 3362 (40 10)"]
[Site "Internet Chess Club"]
[Date "2024.01.13"]
[Round "3"]
[White "GAW, CHRISTIAN:cman-g"]
[Black "Romanyuk, Nikita:NikitaR"]
[Result "0-1"]
[ICCResult "White checkmated"]
[WhiteElo "1088"]
[BlackElo "1119"]
[Opening "French: exchange variation"]
[ECO "C01"]
[NIC "FR.01"]
[Time "15:30:51"]
[PlyCount "76"]
[TimeControl "2400+10"]

1. e4 e6 2. d4 d5 3. exd5 exd5 4. Nf3 Nf6 5. Bd3 Nc6 6. Bb5 Bg4 7. Qe2+ Be7
8. h3 Bxf3 9. Qxf3 O-O 10. Bxc6 bxc6 11. Nc3 c5 12. Be3 cxd4 13. Bxd4 c5 14.
Bxf6 Bxf6 15. O-O Bxc3 16. Qxc3 Qd6 17. Rfe1 Rfe8 18. Rad1 d4 19. Qd2 Rad8
20. c3 Rxe1+ 21. Rxe1 h6 22. cxd4 Qxd4 23. Re8+ Rxe8 24. Qc1 Qe5 25. g3 Qe1+
26. Qxe1 Rxe1+ 27. Kg2 Re2 28. Kf3 Rxb2 29. a4 Rd2 30. Ke3 Rd8 31. Ke2 c4
32. Ke3 c3 33. Ke2 c2 34. Ke3 c1=Q+ 35. Ke2 Qd1+ 36. Ke3 Re8+ 37. Kf4 g5+
38. Kf5 Qf3# {White checkmated} 0-1

[Event "ICC tourney 3362 (40 10)"]
[Site "Internet Chess Club"]
[Date "2024.01.13"]
[Round "3"]
[White "WILSON, DARRYL J:Combo4U2"]
[Black "Dhanasekaran, Neha:SplashDolphin"]
[Result "1-0"]
[ICCResult "Black checkmated"]
[WhiteElo "1178"]
[BlackElo "1066"]
[Opening "Ponziani: Jaenisch counter-attack"]
[ECO "C44"]
[NIC "KP.05"]
[Time "15:30:53"]
[PlyCount "113"]
[TimeControl "2400+10"]

1. e4 e5 2. Nf3 Nc6 3. c3 Nf6 4. d3 h6 5. Be2 Bc5 6. O-O d6 7. h3 O-O 8.
Nbd2 Nh5 9. Nb3 Bb6 10. Kh2 Nf4 11. Bxf4 exf4 12. d4 Qf6 13. a4 a5 14. Bb5
Bd7 15. d5 Ne5 16. Nxe5 Bxb5 17. Ng4 Qg5 18. axb5 h5 19. f3 hxg4 20. fxg4
Qe5 21. Qf3 c6 22. bxc6 bxc6 23. Nd2 cxd5 24. exd5 Qe3 25. Nc4 Qxf3 26. Rxf3
Bc5 27. Rxf4 Rfe8 28. Rxa5 Rxa5 29. Nxa5 Re2 30. Nc4 Re1 31. b4 Bg1+ 32. Kg3
Rc1 33. Rf3 Rd1 34. Nxd6 Rxd5 35. Nxf7 Rd7 36. Ne5 Rd8 37. c4 Bb6 38. c5 Bc7
39. Re3 Re8 40. Kf4 g6 41. g5 Kf8 42. b5 Ke7 43. b6 Bb8 44. c6 Bd6 45. Kg4
Rc8 46. Nc4+ Kd8 47. Nxd6 Rxc6 48. b7 Kc7 49. Re7+ Kb8 50. Re8+ Ka7 51.
b8=Q+ Ka6 52. Qb7+ Ka5 53. Ra8+ Ra6 54. Qxa6+ Kb4 55. Qb5+ Kc3 56. Ra3+ Kd4
57. Rd3# {Black checkmated} 1-0

[Event "ICC tourney 3362 (40 10)"]
[Site "Internet Chess Club"]
[Date "2024.01.13"]
[Round "3"]
[White "Whiteside, Oren:NotOwen"]
[Black "HIBBS, ROBERT:BotanicalKnight"]
[Result "1-0"]
[ICCResult "Black resigns"]
[WhiteElo "1361"]
[BlackElo "1385"]
[Opening "Dutch defense, Rubinstein variation"]
[ECO "A84"]
[NIC "HD.10"]
[Time "15:30:56"]
[PlyCount "88"]
[TimeControl "2400+10"]

1. c4 f5 2. d4 e6 3. Nc3 d5 4. cxd5 exd5 5. Nf3 Nf6 6. e3 Be7 7. Bd3 O-O 8.
O-O c6 9. Ne5 g6 10. a4 Nbd7 11. f4 Nxe5 12. fxe5 Ne4 13. Nxe4 fxe4 14. Be2
Be6 15. a5 a6 16. b3 Rxf1+ 17. Bxf1 Qd7 18. Be2 Rf8 19. Ba3 Bxa3 20. Rxa3
Qf7 21. Qf1 Qe7 22. Qa1 Qf7 23. Qe1 Qf5 24. Ra1 Qg5 25. Qg3 Qxg3 26. hxg3 g5
27. Rf1 Rxf1+ 28. Kxf1 Kg7 29. Bh5 Bf7 30. Bg4 Kf8 31. b4 Ke7 32. Bc8 Kd8
33. Bxb7 Kc7 34. Bxa6 Be8 35. Be2 Bd7 36. Ke1 g4 37. Kd2 h5 38. Kc3 Be8 39.
Kb3 Bd7 40. Ka4 Kb7 41. b5 cxb5+ 42. Bxb5 Be6 43. Kb4 Kc7 44. Kc5 Bg8
{Black resigns}
1-0

[Event "ICC tourney 3362 (40 10)"]
[Site "Internet Chess Club"]
[Date "2024.01.13"]
[Round "3"]
[White "STONE, GILBERT L:tightfist"]
[Black "KRISHNAN, SHREYAS:K01-30058648"]
[Result "1/2-1/2"]
[ICCResult "Game drawn by mutual agreement"]
[WhiteElo "1400"]
[BlackElo "1373"]
[Opening "Queen's pawn game, Darooha variation "]
[ECO "D02"]
[NIC "QP.09"]
[Time "15:32:53"]
[PlyCount "110"]
[TimeControl "2400+10"]

1. Nf3 d5 2. d4 Nf6 3. b3 e6 4. Bb2 Nbd7 5. e3 b6 6. Bd3 Bb7 7. O-O Bd6 8.
Nbd2 O-O 9. c4 Re8 10. Rc1 e5 11. dxe5 Nxe5 12. Nxe5 Bxe5 13. Bxe5 Rxe5 14.
Nf3 Re7 15. Nd4 c5 16. Nf5 Rd7 17. Qe2 Qc7 18. cxd5 Rxd5 19. Ng3 Rad8 20.
Rfd1 Qc6 21. e4 Rd4 22. f3 g6 23. Bc4 Rxd1+ 24. Rxd1 Rxd1+ 25. Qxd1 Qd7 26.
Qxd7 Nxd7 27. Kf2 Ne5 28. Be2 Kf8 29. Ke3 Ke7 30. f4 Nc6 31. Bc4 Nd4 32. Kd3
b5 33. Bd5 Bxd5 34. exd5 Kd6 35. Ne4+ Kxd5 36. Nf6+ Ke6 37. Nxh7 Kf5 38. b4
Ne6 39. bxc5 Nxc5+ 40. Kd4 Ne6+ 41. Ke3 Nxf4 42. g4+ Kxg4 43. Nf6+ Kf5 44.
Nd7 Nd5+ 45. Kd4 Nb4 46. Kc5 Nxa2 47. Kxb5 Kg4 48. Ne5+ Kh3 49. Nxf7 Nc3+
50. Ka6 Kxh2 51. Kxa7 Ne4 52. Kb6 Kg3 53. Kc6 Kf4 54. Kd5 Nc3+ 55. Ke6 Ne4
{Game drawn by mutual agreement}
1/2-1/2

[Event "ICC tourney 3362 (40 10)"]
[Site "Internet Chess Club"]
[Date "2024.01.13"]
[Round "3"]
[White "GAW, ZACHARY:zman-g"]
[Black "Gruber, Justin:jgrub828"]
[Result "0-1"]
[ICCResult "White checkmated"]
[WhiteElo "1182"]
[BlackElo "1421"]
[Opening "Rousseau gambit"]
[ECO "C50"]
[NIC "IG.03"]
[Time "15:30:37"]
[PlyCount "108"]
[TimeControl "2400+10"]

1. e4 e5 2. Nf3 Nc6 3. Bc4 f5 4. exf5 e4 5. Ng1 d5 6. Qh5+ Ke7 7. Bb3 Nf6 8.
Qh3 g6 9. Nc3 Bxf5 10. Qg3 Bg7 11. Ba4 Nh5 12. Qg5+ Bf6 13. Qh6 Kf7 14. h4
d4 15. Bb3+ Ke8 16. Nd5 d3 17. Nxf6+ Qxf6 18. cxd3 exd3 19. Qe3+ Kd7 20. Qf3
Rae8+ 21. Kf1 Re5 22. Bd5 Rhe8 23. g4 Re1+ 24. Kg2 Nf4+ 25. Kg3 Rxg1+ 26.
Rxg1 Ne2+ 27. Kg2 Nxg1 28. Kxg1 Qxh4 29. Bxc6+ bxc6 30. gxf5 Re1+ 31. Kg2
Qg5+ 32. Qg3 Qxf5 33. Qh4 Qd5+ 34. f3 Re2+ 35. Kg3 Qd6+ 36. f4 Qd5 37. Qxh7+
Kc8 38. Qh3+ Kb7 39. b3 Qd4 40. Rb1 Qg1+ 41. Kf3 Qf2+ 42. Kg4 Re4 43. Qf3
Qg1+ 44. Qg3 Qh1 45. Qf3 Qh5+ 46. Kg3 Qf5 47. Qg4 Qc5 48. Qxg6 Qg1+ 49. Kf3
Qxg6 50. Ba3 Qf5 51. Rf1 Rxf4+ 52. Kg2 Rxf1 53. Bb4 Qf3+ 54. Kh2 Rh1#
{White checkmated}
0-1

[Event "ICC tourney 3362 (40 10)"]
[Site "Internet Chess Club"]
[Date "2024.01.13"]
[Round "4"]
[White "Gruber, Justin:jgrub828"]
[Black "WILSON, DARRYL J:Combo4U2"]
[Result "1-0"]
[ICCResult "Black checkmated"]
[WhiteElo "1421"]
[BlackElo "1178"]
[Opening "Vienna game"]
[ECO "C26"]
[NIC "VG.02"]
[Time "17:46:38"]
[PlyCount "161"]
[TimeControl "2400+10"]

1. e4 e5 2. Nc3 Nf6 3. Bc4 Qe7 4. d3 h6 5. Be3 d6 6. Qd2 Ng4 7. Nf3 f5 8. h3
Nxe3 9. fxe3 f4 10. exf4 exf4 11. Qxf4 Qf6 12. Qxf6 gxf6 13. O-O Bg7 14. Nd5
Kd7 15. Nh4 c6 16. Nxf6+ Bxf6 17. Rxf6 Kc7 18. Be6 Bxe6 19. Rxe6 Nd7 20. Rf1
Ne5 21. Ref6 Rag8 22. b3 c5 23. Nf5 Rd8 24. Ne3 h5 25. Nc4 Nxc4 26. bxc4 a6
27. Rb1 b6 28. Rbf1 Kc6 29. Rf7 Rh6 30. Rg7 Rd7 31. Rxd7 Kxd7 32. g4 hxg4
33. hxg4 Rg6 34. Rf4 Ke6 35. Kg2 Ke5 36. Kg3 Kd4 37. Rf2 Kc3 38. Kh4 Kb2 39.
Kh5 Re6 40. g5 Re5 41. Kh6 Kxa2 42. g6 Re6 43. Kh7 Re5 44. Rg2 Rh5+ 45. Kg8
a5 46. g7 a4 47. Kf7 Rh7 48. Kf6 Rxg7 49. Rxg7 a3 50. Ra7 Kb2 51. c3 a2 52.
d4 cxd4 53. cxd4 a1=Q 54. Rxa1 Kxa1 55. e5 dxe5 56. Kxe5 Kb2 57. c5 b5 58.
c6 Ka2 59. c7 b4 60. c8=Q b3 61. Qa6+ Kb1 62. Kd5 b2 63. Ke4 Kc1 64. Qc4+
Kd1 65. Qb3+ Kc1 66. Kd3 b1=Q+ 67. Qxb1+ Kxb1 68. d5 Kb2 69. d6 Kc1 70. d7
Kd1 71. d8=R Ke1 72. Rh8 Kf2 73. Re8 Kf3 74. Rf8+ Kg4 75. Ke4 Kg5 76. Rf1
Kg4 77. Rg1+ Kh3 78. Kf3 Kh2 79. Rg8 Kh1 80. Kf2 Kh2 81. Rh8# {Black
checkmated} 1-0

[Event "ICC tourney 3362 (40 10)"]
[Site "Internet Chess Club"]
[Date "2024.01.13"]
[Round "4"]
[White "Suresh, Kawin Sayi:ChessNinja2200"]
[Black "Whiteside, Oren:NotOwen"]
[Result "1/2-1/2"]
[ICCResult "Game drawn by repetition"]
[WhiteElo "1360"]
[BlackElo "1361"]
[Opening "Scandinavian (center counter) defense"]
[ECO "B01"]
[NIC "SD.01"]
[Time "17:45:08"]
[PlyCount "94"]
[TimeControl "2400+10"]

1. e4 d5 2. exd5 Qxd5 3. Nc3 Qa5 4. Nf3 Nf6 5. Be2 Bf5 6. d4 Nbd7 7. O-O e6
8. Bf4 Bd6 9. Bxd6 cxd6 10. Bd3 Bg4 11. h3 Bxf3 12. Qxf3 O-O 13. Ne4 Nxe4
14. Bxe4 d5 15. Bd3 Qb6 16. c3 Rac8 17. Rab1 Qd6 18. Rfe1 a6 19. Qg3 Qxg3
20. fxg3 b5 21. a3 Nb6 22. Kf2 h5 23. Re5 g6 24. g4 hxg4 25. hxg4 Nc4 26.
Bxc4 bxc4 27. Rh1 Kg7 28. Re3 Rh8 29. Reh3 Rxh3 30. gxh3 Rb8 31. Rb1 Kf6 32.
Kg3 Kg5 33. h4+ Kh6 34. Kf4 Kg7 35. Ke5 Rb6 36. g5 a5 37. a4 Rc6 38. Rf1 Rb6
39. Rf2 Rc6 40. Kf4 Rc8 41. Kg4 Re8 42. Re2 f6 43. gxf6+ Kxf6 44. Rf2+ Kg7
45. Re2 Kf6 46. Rf2+ Kg7 47. Re2 Kf6 {Game drawn by repetition} 1/2-1/2

[Event "ICC tourney 3362 (40 10)"]
[Site "Internet Chess Club"]
[Date "2024.01.13"]
[Round "4"]
[White "Dhanasekaran, Neha:SplashDolphin"]
[Black "STONE, GILBERT L:tightfist"]
[Result "1-0"]
[ICCResult "Black forfeits on time"]
[WhiteElo "1066"]
[BlackElo "1400"]
[Opening "French: exchange variation"]
[ECO "C01"]
[NIC "FR.01"]
[Time "17:45:18"]
[PlyCount "41"]
[TimeControl "2400+10"]

1. e4 e6 2. d4 d5 3. exd5 exd5 4. Nc3 Be7 5. Nf3 Nf6 6. Bd3 O-O 7. O-O c6 8.
Re1 Bg4 9. h3 Bh5 10. g4 Bg6 11. Bxg6 fxg6 12. Qe2 Bb4 13. Qe6+ Kh8 14. Bg5
Nbd7 15. Ne5 Qe7 16. Qxe7 Bxe7 17. Nxd7 Rf7 18. Ne5 Rff8 19. Nxg6+ hxg6 20.
Rxe7 Nh7 21. Bh4 {Black forfeits on time} 1-0

[Event "ICC tourney 3362 (40 10)"]
[Site "Internet Chess Club"]
[Date "2024.01.13"]
[Round "4"]
[White "HIBBS, ROBERT:BotanicalKnight"]
[Black "GAW, CHRISTIAN:cman-g"]
[Result "1-0"]
[ICCResult "Black forfeits on time"]
[WhiteElo "1385"]
[BlackElo "1088"]
[Opening "Bishop's opening: Berlin defense"]
[ECO "C24"]
[NIC "IG.04"]
[Time "17:45:19"]
[PlyCount "51"]
[TimeControl "2400+10"]

1. e4 e5 2. Bc4 Nf6 3. d3 d5 4. exd5 Nxd5 5. Nf3 Nc6 6. O-O Nf6 7. Re1 Bd6
8. Nc3 Be6 9. Bxe6 fxe6 10. Ng5 Qd7 11. Nce4 Nxe4 12. Nxe4 O-O 13. a3 Qf7
14. f3 h6 15. Be3 Nd4 16. Bxd4 exd4 17. Nxd6 cxd6 18. Qe2 e5 19. Qe4 Rac8
20. Re2 Rc7 21. b3 Qe6 22. Rf1 Rf4 23. Qxf4 Rxc2 24. Rfe1 Qxb3 25. Qe4 Rc3
26. f4 {Black forfeits on time} 1-0

[Event "ICC tourney 3362 (40 10)"]
[Site "Internet Chess Club"]
[Date "2024.01.13"]
[Round "4"]
[White "KRISHNAN, SHREYAS:K01-30058648"]
[Black "GAW, ZACHARY:zman-g"]
[Result "1-0"]
[ICCResult "Black checkmated"]
[WhiteElo "1373"]
[BlackElo "1182"]
[Opening "Scotch: Potter variation"]
[ECO "C45"]
[NIC "SO.05"]
[Time "17:45:09"]
[PlyCount "105"]
[TimeControl "2400+10"]

1. e4 e5 2. Nf3 Nc6 3. d4 exd4 4. Nxd4 Bc5 5. Nb3 Bb6 6. Nc3 Nf6 7. Qe2 h6
8. Be3 Bxe3 9. Qxe3 O-O 10. O-O-O Re8 11. f3 d6 12. Nd4 Nxd4 13. Qxd4 Be6
14. Bc4 Qd7 15. Nd5 Nxd5 16. exd5 Bf5 17. Rhe1 a6 18. Bd3 Rxe1 19. Rxe1 Bxd3
20. Qxd3 Re8 21. Kd1 Rxe1+ 22. Kxe1 Qe8+ 23. Qe4 Qxe4+ 24. fxe4 Kf8 25. Ke2
Ke7 26. Kf3 Kf6 27. Kf4 g5+ 28. Kg4 Kg6 29. c4 h5+ 30. Kg3 Kf6 31. h4 gxh4+
32. Kxh4 Kg6 33. b4 f6 34. g4 hxg4 35. Kxg4 c6 36. c5 cxd5 37. exd5 dxc5 38.
bxc5 Kf7 39. Kf5 Ke7 40. a3 Kf7 41. d6 a5 42. a4 Ke8 43. Kxf6 Kd8 44. Ke6
Kc8 45. d7+ Kb8 46. d8=Q+ Ka7 47. Kd7 b6 48. cxb6+ Ka6 49. Qa8+ Kxb6 50.
Qc6+ Ka7 51. Qb5 Ka8 52. Kc7 Ka7 53. Qb7# {Black checkmated} 1-0

[Event "ICC tourney 3362 (40 10)"]
[Site "Internet Chess Club"]
[Date "2024.01.13"]
[Round "5"]
[White "GAW, CHRISTIAN:cman-g"]
[Black "Suresh, Kawin Sayi:ChessNinja2200"]
[Result "1-0"]
[ICCResult "Black checkmated"]
[WhiteElo "1088"]
[BlackElo "1360"]
[Opening "Giuoco Piano"]
[ECO "C54"]
[NIC "IG.02"]
[Time "20:00:08"]
[PlyCount "143"]
[TimeControl "2400+10"]

1. e4 e5 2. Nf3 Nc6 3. Bc4 Bc5 4. c3 Nf6 5. d3 h6 6. b4 Bb6 7. b5 Na5 8.
Nxe5 Nxc4 9. Nxc4 O-O 10. O-O d5 11. Nxb6 axb6 12. e5 Nh7 13. Qf3 Qd7 14.
Qg3 Qg4 15. Qxg4 Bxg4 16. f3 Bf5 17. d4 Bd3 18. Re1 Bxb5 19. e6 fxe6 20.
Rxe6 Rfe8 21. Re3 Rxe3 22. Bxe3 Re8 23. Kf2 Nf6 24. Na3 Bc6 25. Bf4 Re7 26.
Re1 Rxe1 27. Kxe1 Ne8 28. c4 dxc4 29. Nxc4 Bd5 30. Na3 Bxa2 31. Nb5 c6 32.
Nc3 b5 33. Nxa2 Kf7 34. Ke2 Ke6 35. Ke3 g5 36. Be5 b6 37. Nb4 c5 38. Nc2 b4
39. dxc5 Kxe5 40. cxb6 Nd6 41. Nxb4 Nb7 42. Nc6+ Kd5 43. Ne7+ Ke6 44. Nc6
Kd5 45. Nb4+ Kc5 46. Nd3+ Kxb6 47. Ke4 Nd6+ 48. Ke5 Kc7 49. Kf6 Kd7 50. Kg6
Ke6 51. Nc5+ Ke7 52. Kxh6 Kf6 53. Ne4+ Nxe4 54. fxe4 g4 55. Kh5 Ke5 56. Kxg4
Kxe4 57. h4 Ke5 58. Kg5 Ke6 59. Kg6 Ke7 60. Kg7 Ke6 61. h5 Kf5 62. h6 Kg5
63. h7 Kg4 64. h8=Q Kg3 65. Qh3+ Kf4 66. Qf3+ Kg5 67. Qf6+ Kg4 68. Kg6 Kg3
69. Kg5 Kxg2 70. Kg4 Kg1 71. Kg3 Kh1 72. Qf1# {Black checkmated} 1-0